MWL (24 & UNDER)
WISCONSIN RAPIDS RANGERS @ CINCINNATI PRIDE
08/27/2023
 
TOP OF THE 1ST
Wisconsin Rapids Rangers batting - Pitching for Cincinnati Pride : LHP Ben Couch
Pitching: LHP Ben Couch
Batting: RHB Troy Reed 0-0: Foul Ball, location: 2F
0-1: Ball
1-1: Called Strike
1-2: Strikes out swinging
Batting: RHB James Jenkins 0-0: Ball
1-0: Called Strike
1-1: Ball
2-1: Foul Ball, location: 2F
2-2: Strikes out looking
Batting: LHB Ramón Córdova 0-0: Ball
1-0: Called Strike
1-1: Foul Ball, location: 2F
1-2: Foul Ball, location: 2F
1-2: Ball
2-2: Foul Ball, location: 2F
2-2: Ball
3-2: Fly out, F7 (Flyball, 7M)
Top of the 1st over - 0 run(s), 0 hit(s), 0 error(s), 0 left on base; Wisconsin Rapids 0 - Cincinnati 0
BOTTOM OF THE 1ST
Cincinnati Pride batting - Pitching for Wisconsin Rapids Rangers : RHP Don Briggs
Pitching: RHP Don Briggs
Batting: RHB Roberto Chávez 0-0: Swinging Strike
0-1: Ball
1-1: Called Strike
1-2: Strikes out swinging
Batting: RHB Leonardo Pinto 0-0: Called Strike
0-1: Foul Ball, location: 2F
0-2: Foul Ball, location: 2F
0-2: Ball
1-2: Ball
2-2: Foul Ball, location: 2F
2-2: SINGLE (Groundball, 4M)
Batting: SHB Nick Marshall 0-0: Ball
1-0: Ball
2-0: DOUBLE (Flyball, 89XD)
Leonardo Pinto to third
Batting: LHB Ricardo Brandariz 0-0: Ball
1-0: Called Strike
1-1: Ground out 6-3 (Groundball, 6)
Leonardo Pinto scores
Batting: RHB Jonas Uttley 0-0: Ball
1-0: Called Strike
1-1: Swinging Strike
1-2: Strikes out swinging
Bottom of the 1st over - 1 run(s), 2 hit(s), 0 error(s), 1 left on base; Wisconsin Rapids 0 - Cincinnati 1
TOP OF THE 2ND
Wisconsin Rapids Rangers batting - Pitching for Cincinnati Pride : LHP Ben Couch
Batting: SHB José López 0-0: Ball
1-0: Ball
2-0: Called Strike
2-1: Swinging Strike
2-2: Strikes out swinging, 2-3 out at first.
Batting: RHB Arturo Rodríguez 0-0: Ball
1-0: Called Strike
1-1: Ball
2-1: Ball
3-1: Called Strike
3-2: Strikes out swinging
Batting: RHB Earl Conrad 0-0: Swinging Strike
0-1: Ball
1-1: Ball
2-1: Swinging Strike
2-2: DOUBLE (Line Drive, 7M)
Batting: RHB Paul Richard 0-0: Ball
1-0: Called Strike
1-1: Fly out, F6 (Popup, 7S)
Top of the 2nd over - 0 run(s), 1 hit(s), 0 error(s), 1 left on base; Wisconsin Rapids 0 - Cincinnati 1
BOTTOM OF THE 2ND
Cincinnati Pride batting - Pitching for Wisconsin Rapids Rangers : RHP Don Briggs
Batting: RHB Wilson Flores 0-0: Ball
1-0: Swinging Strike
1-1: Foul Ball, location: 2F
1-2: Strikes out swinging
Batting: RHB Pablo Gómez 0-0: Called Strike
0-1: Ground out 6-3 (Groundball, 6)
Batting: RHB Larry Booth 0-0: Swinging Strike
0-1: Hit by Pitch
Batting: RHB Norris Howard 0-0: Called Strike
Larry Booth is caught stealing 2nd base
Bottom of the 2nd over - 0 run(s), 0 hit(s), 0 error(s), 0 left on base; Wisconsin Rapids 0 - Cincinnati 1
TOP OF THE 3RD
Wisconsin Rapids Rangers batting - Pitching for Cincinnati Pride : LHP Ben Couch
Batting: RHB John Denton 0-0: Called Strike
0-1: Swinging Strike
0-2: Ball
1-2: Strikes out swinging
Batting: RHB Robert Acosta 0-0: Called Strike
0-1: Ball
1-1: Ground out 1-3 (Groundball, 13S)
Batting: RHB Troy Reed 0-0: Swinging Strike
0-1: Foul Ball, location: 2F
0-2: Ball
1-2: Strikes out looking
Top of the 3rd over - 0 run(s), 0 hit(s), 0 error(s), 0 left on base; Wisconsin Rapids 0 - Cincinnati 1
BOTTOM OF THE 3RD
Cincinnati Pride batting - Pitching for Wisconsin Rapids Rangers : RHP Don Briggs
Batting: RHB Norris Howard 0-0: SINGLE (Groundball, 6D)
Batting: RHB Roberto Chávez 0-0: Foul Ball, location: 2F
0-1: Foul Ball, location: 2F
0-2: Strikes out swinging
Batting: RHB Leonardo Pinto 0-0: Called Strike
0-1: Called Strike
0-2: Ball
1-2: Ball
2-2: Strikes out swinging
Norris Howard steals 2nd base
Batter strikes out.
Batting: SHB Nick Marshall 0-0: Ball
1-0: Swinging Strike
1-1: Foul Ball, location: 2F
1-2: Ball
2-2: Ball
3-2: Strikes out swinging
Bottom of the 3rd over - 0 run(s), 1 hit(s), 0 error(s), 1 left on base; Wisconsin Rapids 0 - Cincinnati 1
TOP OF THE 4TH
Wisconsin Rapids Rangers batting - Pitching for Cincinnati Pride : LHP Ben Couch
Batting: RHB James Jenkins 0-0: Ball
1-0: Called Strike
1-1: Called Strike
1-2: SINGLE (Flyball, 9LS)
Batting: LHB Ramón Córdova 0-0: Ball
1-0: Ball
2-0: Called Strike
2-1: Ball
3-1: Base on Balls
James Jenkins to second
Batting: SHB José López 0-0: Called Strike
0-1: Ball
1-1: Fielders Choice at 2nd, 4-6 (Groundball, 34)
James Jenkins to third
Batting: RHB Arturo Rodríguez 0-0: Called Strike
José López is caught stealing 2nd base
0-1: Ground out 5-3 (Groundball, 56)
Top of the 4th over - 0 run(s), 1 hit(s), 0 error(s), 1 left on base; Wisconsin Rapids 0 - Cincinnati 1
BOTTOM OF THE 4TH
Cincinnati Pride batting - Pitching for Wisconsin Rapids Rangers : RHP Don Briggs
Batting: LHB Ricardo Brandariz 0-0: Called Strike
0-1: Ball
1-1: Foul Ball, location: 2F
1-2: Ball
2-2: Ball
3-2: Foul Ball, location: 2F
3-2: Strikes out swinging
Batting: RHB Jonas Uttley 0-0: Ball
1-0: Called Strike
1-1: Ball
2-1: Foul Ball, location: 2F
2-2: Hit by Pitch
Batting: RHB Wilson Flores 0-0: Ball
1-0: Foul Ball, location: 2F
1-1: Ball
2-1: Foul Ball, location: 2F
2-2: Ball
3-2: Foul Ball, location: 2F
3-2: Strikes out looking
Batting: RHB Pablo Gómez 0-0: Called Strike
0-1: Swinging Strike
0-2: Foul Ball, location: 2F
0-2: Foul Ball, location: 2F
0-2: Strikes out swinging
Bottom of the 4th over - 0 run(s), 0 hit(s), 0 error(s), 1 left on base; Wisconsin Rapids 0 - Cincinnati 1
TOP OF THE 5TH
Wisconsin Rapids Rangers batting - Pitching for Cincinnati Pride : LHP Ben Couch
Batting: RHB Earl Conrad 0-0: Ball
1-0: Fly out, F9 (Flyball, 9S)
Batting: RHB Paul Richard 0-0: Called Strike
0-1: Ground out 1-3 (Groundball, 15)
Batting: RHB John Denton 0-0: Ball
1-0: Ball
2-0: Swinging Strike
2-1: Ground out 5-3 (Groundball, 5L)
Top of the 5th over - 0 run(s), 0 hit(s), 0 error(s), 0 left on base; Wisconsin Rapids 0 - Cincinnati 1
BOTTOM OF THE 5TH
Cincinnati Pride batting - Pitching for Wisconsin Rapids Rangers : RHP Don Briggs
Batting: RHB Larry Booth 0-0: Ball
1-0: Called Strike
1-1: Ball
2-1: Foul Ball, location: 2F
2-2: Ball
3-2: Strikes out swinging
Batting: RHB Norris Howard 0-0: Swinging Strike
0-1: Ball
1-1: Hit by Pitch
Batting: RHB Roberto Chávez 0-0: Called Strike
0-1: Swinging Strike
0-2: Strikes out swinging
Throwing error on steal attempt, E2
Norris Howard to third
Batting: RHB Leonardo Pinto 0-0: SINGLE (Groundball, 5D)
Norris Howard scores
Batting: SHB Nick Marshall 0-0: Ball
1-0: Called Strike
1-1: Ball
2-1: Foul Ball, location: 2F
2-2: 2-RUN HOME RUN (Flyball, 9D), Distance : 400 ft
Batting: LHB Ricardo Brandariz 0-0: Fly out, F7 (Flyball, 78M)
Bottom of the 5th over - 3 run(s), 2 hit(s), 1 error(s), 0 left on base; Wisconsin Rapids 0 - Cincinnati 4
TOP OF THE 6TH
Wisconsin Rapids Rangers batting - Pitching for Cincinnati Pride : LHP Ben Couch
Batting: RHB Robert Acosta 0-0: Ball
1-0: Ball
2-0: Ball
3-0: Called Strike
3-1: DOUBLE (Line Drive, 7LM)
Batting: RHB Troy Reed 0-0: Ball
1-0: DOUBLE (Groundball, 5L)
Robert Acosta scores
Batting: RHB James Jenkins 0-0: Foul Ball, location: 2F
0-1: Ball
1-1: Fly out, F6 (Popup, 56D)
Batting: LHB Ramón Córdova 0-0: Ball
1-0: Swinging Strike
1-1: Swinging Strike
1-2: Foul Ball, location: 2F
1-2: Fly out, F7 (Line Drive, 78S)
Batting: SHB José López 0-0: Called Strike
0-1: Ball
1-1: Ball
2-1: Foul Ball, location: 2F
2-2: Strikes out looking
Top of the 6th over - 1 run(s), 2 hit(s), 0 error(s), 1 left on base; Wisconsin Rapids 1 - Cincinnati 4
BOTTOM OF THE 6TH
Cincinnati Pride batting - Pitching for Wisconsin Rapids Rangers : RHP Don Briggs
Pitching: RHP Jorge Flores
Batting: RHB Jonas Uttley 0-0: Ball
1-0: Ball
2-0: Called Strike
2-1: Called Strike
2-2: Fly out, F8 (Flyball, 8LXD)
Batting: RHB Wilson Flores 0-0: Called Strike
0-1: Ball
1-1: Ball
2-1: Swinging Strike
2-2: Strikes out swinging
Batting: RHB Pablo Gómez 0-0: Ball
1-0: Ball
2-0: Ball
3-0: Base on Balls
Batting: RHB Larry Booth 0-0: Ball
1-0: Called Strike
1-1: SINGLE (Line Drive, 4MD)
Pablo Gómez to second
Runner from 2nd tries for 3rd, SAFE, throw made to third
Batting: RHB Norris Howard 0-0: Ball
1-0: Foul Ball, location: 2F
1-1: Foul Ball, location: 2F
1-2: Foul Ball, location: 2F
1-2: Ball
2-2: Ball
3-2: Foul Ball, location: 2F
3-2: Foul Ball, location: 2F
3-2: Foul Ball, location: 2F
3-2: SINGLE (Line Drive, 6D)
Pablo Gómez scores
Larry Booth to second
Larry Booth to third
Batting: RHB Roberto Chávez 0-0: Called Strike
0-1: Ground out 5-3 (Groundball, 5L)
Bottom of the 6th over - 1 run(s), 2 hit(s), 0 error(s), 2 left on base; Wisconsin Rapids 1 - Cincinnati 5
TOP OF THE 7TH
Wisconsin Rapids Rangers batting - Pitching for Cincinnati Pride : LHP Ben Couch
Pitching: RHP Tomás Pagán
Batting: RHB Arturo Rodríguez 0-0: Foul Ball, location: 2F
0-1: Foul Ball, location: 2F
0-2: Strikes out swinging
Batting: RHB Earl Conrad 0-0: Fly out, F5 (Popup, 5SF)
Batting: RHB Paul Richard 0-0: Foul Ball, location: 2F
0-1: Foul Ball, location: 2F
0-2: Ground out 1-3 (Groundball, 13S)
Top of the 7th over - 0 run(s), 0 hit(s), 0 error(s), 0 left on base; Wisconsin Rapids 1 - Cincinnati 5
BOTTOM OF THE 7TH
Cincinnati Pride batting - Pitching for Wisconsin Rapids Rangers : RHP Jorge Flores
Batting: RHB Leonardo Pinto 0-0: Called Strike
0-1: Called Strike
0-2: Ball
1-2: Strikes out swinging
Batting: SHB Nick Marshall 0-0: Called Strike
0-1: Ball
1-1: Ball
2-1: Hit by Pitch
Batting: LHB Ricardo Brandariz 0-0: Swinging Strike
0-1: Swinging Strike
0-2: Foul Ball, location: 2F
0-2: Strikes out swinging
Pitching: RHP Ramiro Maestas
Batting: RHB Jonas Uttley 0-0: Ball
1-0: Called Strike
Nick Marshall steals 2nd base
1-1: Swinging Strike
1-2: Strikes out swinging
Bottom of the 7th over - 0 run(s), 0 hit(s), 0 error(s), 1 left on base; Wisconsin Rapids 1 - Cincinnati 5
TOP OF THE 8TH
Wisconsin Rapids Rangers batting - Pitching for Cincinnati Pride : RHP Tomás Pagán
Batting: RHB John Denton 0-0: Called Strike
0-1: Ball
1-1: Ground out 1-3 (Groundball, 15S)
Batting: RHB Robert Acosta 0-0: Ball
1-0: Ball
2-0: Foul Ball, location: 2F
2-1: Swinging Strike
2-2: Foul Ball, location: 2F
2-2: Strikes out looking
Batting: RHB Troy Reed 0-0: Called Strike
0-1: Ground out 4-3 (Groundball, 4M)
Top of the 8th over - 0 run(s), 0 hit(s), 0 error(s), 0 left on base; Wisconsin Rapids 1 - Cincinnati 5
BOTTOM OF THE 8TH
Cincinnati Pride batting - Pitching for Wisconsin Rapids Rangers : RHP Ramiro Maestas
Batting: RHB Wilson Flores 0-0: Ball
1-0: Foul Ball, location: 2F
1-1: Fly out, F6 (Line Drive, 6)
Batting: RHB Pablo Gómez 0-0: Fly out, F6 (Popup, 8LS)
Batting: RHB Larry Booth 0-0: Called Strike
0-1: Ball
1-1: Ball
2-1: Fly out, F8 (Flyball, 8RD)
Bottom of the 8th over - 0 run(s), 0 hit(s), 0 error(s), 0 left on base; Wisconsin Rapids 1 - Cincinnati 5
TOP OF THE 9TH
Wisconsin Rapids Rangers batting - Pitching for Cincinnati Pride : RHP Tomás Pagán
Pitching: RHP Eusébio Lagarto
Batting: RHB James Jenkins 0-0: Ball
1-0: Foul Ball, location: 2F
1-1: Ball
2-1: Called Strike
2-2: Foul Ball, location: 2F
2-2: Ball
3-2: Fly out, F9 (Popup, 4D)
Batting: LHB Ramón Córdova 0-0: Ball
1-0: Foul Ball, location: 2F
1-1: Hit by Pitch
Batting: SHB José López 0-0: Ball
1-0: Ball
2-0: Foul Ball, location: 2F
2-1: Fly out, F9 (Flyball, 9M)
Batting: RHB Arturo Rodríguez 0-0: Swinging Strike
0-1: Called Strike
0-2: Ball
1-2: Ball
2-2: Strikes out swinging
Top of the 9th over - 0 run(s), 0 hit(s), 0 error(s), 1 left on base; Wisconsin Rapids 1 - Cincinnati 5
This league is powered by Out of the Park Baseball, the baseball management simulation game for PC, Mac and Linux
Wednesday, December 2nd, 2015 - OOTP Baseball 16.8 Build 38